[Event "Early-Titled-Tuesday-Blitz-September-26-2023"]
[Site "Chess.com"]
[Date "2023.09.26"]
[Round "5"]
[White "Mystery2007"]
[Black "Kopytkin"]
[Result "0-1"]
[WhiteElo "2485"]
[BlackElo "2367"]
[TimeControl "180+1"]
[EndTime "8:59:01 PDT"]
[Termination "Kopytkin won on time"]

1. e4 Nf6 2. e5 Nd5 3. c4 Nb6 4. d4 d6 5. exd6 cxd6 6. a4 g6 7.
a5 N6d7 8. Nf3 Bg7 9. Be2 O-O 10. O-O Nc6 11. d5 Nxa5 12. Ra2 b6 13. b4 Nb7 14.
Na3 e5 15. dxe6 fxe6 16. Nb5 Qe7 17. Bg5 Nf6 18. Nxa7 Bd7 19. Nd4 e5 20. Ndc6 Qf7 21. Bxf6 Bxf6 22. Bf3 Be6 23. Bd5 Bxd5 24. cxd5 Nd8 25.
Qd2 Nxc6 26. Nxc6 e4 27. h3 Rfc8 28. Rd1 Kg7 29. Rxa8 Rxa8 30. Qe2 Re8 31. Qb5 e3 32. fxe3 Bg5 33. Rf1 Bxe3+ 34. Kh1 Qd7 35. Qd3 h5 36. Rf3 Bg5 37. Rf1 Kh6 38. Qf3 Re7 39. Qf8+ Rg7 40.
Qf3 Bh4 41. Nd4 Bg5 42. Ne6 Bf6 43. Nxg7 Bxg7 44. Qf4+ Kh7 45. Qf7 Qb5 46. Rf6 Qd3 47.
Rf1 Qd4 48. Qf3 Qe5 49. Rc1 Qd4 50. Rc7 Qe5 0-1

[Event "Early-Titled-Tuesday-Blitz-September-26-2023"]
[Site "Chess.com"]
[Date "2023.09.26"]
[Round "5"]
[White "Kotofeyca"]
[Black "Mariia89"]
[Result "1-0"]
[WhiteElo "2378"]
[BlackElo "2068"]
[TimeControl "180+1"]
[EndTime "8:59:01 PDT"]
[Termination "Kotofeyca won on time"]

1. d4 Nf6 2. c4 c5 3. Nf3 cxd4 4. Nxd4 Nc6 5. Nc3 g6 6. g3 Bg7 7.
Bg2 O-O 8. O-O Nxd4 9. Qxd4 d6 10. Qd2 Be6 11. b3 Qc8 12. Bb2 Bh3 13. Rac1 Bxg2 14.
Kxg2 Qf5 15. f3 Nd7 16. e4 Qc5 17. Nd5 Rfe8 18. Bxg7 Kxg7 19. h4 h5 20. b4 Qc6 21.
Qd4+ Kg8 22. f4 a5 23. b5 Qc5 24. Qxc5 Nxc5 25. Nc7 Nxe4 26. Rfe1 f5 27. Kf3 Rec8 28. Nxa8 Rxa8 29. Rxe4 fxe4+ 30. Kxe4 Rc8 31. Kd4 Rc5 32. Re1 Kf7 33. Re4 b6 34. a4 Rf5 35. Ke3 e5 36. fxe5 dxe5 37. c5 bxc5 38. Rc4 Rf1 39. Rxc5 Re1+ 40. Kd3 e4+ 41. Kd2 Rb1 42. Rc4 Ke6 43.
Rxe4+ Kf5 44. Rc4 Rb2+ 45. Kc3 Rb1 46. Kd4 Rd1+ 47. Kc5 Rg1 48. b6 Rxg3 49. b7 Rb3 50.
Kc6 g5 51. Rc5+ Kg4 52. Rxg5+ Kxh4 53. Rb5 Rc3+ 54. Kb6 Rc2 55. b8=Q 1-0

[Event "Early-Titled-Tuesday-Blitz-September-26-2023"]
[Site "Chess.com"]
[Date "2023.09.26"]
[Round "5"]
[White "KerryStead"]
[Black "Defenstrator"]
[Result "0-1"]
[WhiteElo "2091"]
[BlackElo "2360"]
[TimeControl "180+1"]
[EndTime "8:59:09 PDT"]
[Termination "Defenstrator won on time"]

1. d4 d5 2. e4 dxe4 3. Nc3 c6 4. f3 e5 5. dxe5 Qxd1+ 6. Kxd1 exf3 7. Nxf3 Bg4 8. Be2 Nd7 9. Bf4 Ne7 10. h3 Bxf3 11.
Bxf3 Ng6 12. Bg3 O-O-O 13. Bg4 Bb4 14. Re1 Bxc3 15. bxc3 Rhe8 16. Kc1 b6 17. Kb2 Kb7 18. e6 fxe6 19. Rxe6 Rxe6 20. Bxe6 Nc5 21. Bf5 Rd2 22. Rg1 Na4+ 23. Kb3 b5 24. c4 Rd4 25. cxb5 cxb5 26. Re1 a5 27. a3 Rd2 28. Bxg6 hxg6 29. Re7+ Kc6 30. Rc7+ Kb6 31. Rxg7 Rxg2 32. Rxg6+ Kb7 33.
Rg7+ Kc6 34. Be5 Re2 35. Bf6 Nc5+ 36. Kb2 Na4+ 37. Kb3 Re3+ 38. c3 Rxh3 39. Bd4 Rh1 40. Kc2 Rh2+ 41. Kd3 Nb2+ 42. Ke4 Nc4 43. Rg6+ Kb7 44.
Kd5 Rh5+ 45. Ke4 Nxa3 46. Kd3 Nc4 47. Ke4 a4 48. Kd3 a3 49. Kc2 Rh2+ 0-1

[Event "Early-Titled-Tuesday-Blitz-September-26-2023"]
[Site "Chess.com"]
[Date "2023.09.26"]
[Round "5"]
[White "djano"]
[Black "ContrVersia"]
[Result "1-0"]
[WhiteElo "2655"]
[BlackElo "2887"]
[TimeControl "180+1"]
[EndTime "8:59:10 PDT"]
[Termination "djano won by resignation"]

1. d4 Nf6 2. Bf4 e6 3. Nf3 c5 4.
e3 cxd4 5. exd4 b6 6. Nbd2 Be7 7.
c3 O-O 8. h3 d6 9. Bh2 h6 10. Qa4 Bb7 11. Bd3 a6 12. O-O Nbd7 13. Rfe1 Qc7 14. Qb3 Rfe8 15. a4 Bf8 16. c4 e5 17.
dxe5 dxe5 18. Qc3 a5 19. Qc2 Bb4 20. Re2 Re7 21. Ne4 Nxe4 22. Bxe4 Bxe4 23. Qxe4 Rae8 24. Rd1 f6 25. b3 Nc5 26. Qc2 Rd7 27. Bg3 Red8 28.
Rf1 Rd3 29. Rb1 Qd7 30. Kh2 e4 31. Nh4 g5 32. Ng6 Kg7 33. Ne5 fxe5 34. Bxe5+ Kg8 35.
f3 exf3 36. gxf3 Qf5 37. Rf1 Rd2 38. Qxf5 Rxe2+ 39. Kh1 Nd7 40. Qg6+ Kf8 41. Qxh6+ Kf7 42. Qg7+ Ke6 43. Rd1 Rxe5 44. Qg6+ Ke7 45. Qg7+ Ke8 46. Qg6+ Kf8 47. Qh6+ Kf7 48. Qh7+ Ke8 49. Qh8+ Ke7 50. Rxd7+ Kxd7 51. Qxe5 Bd6 52. Qf5+ Kc7 53. Qxg5 Re8 54. f4 Rf8 55. f5 Be5 56. Kg2 Kd6 57. Kf3 Bf6 58. Qh6 Rf7 59. h4 Ke7 60. h5 Rg7 61. Qe3+ Kf8 62. Qxb6 1-0

[Event "Early-Titled-Tuesday-Blitz-September-26-2023"]
[Site "Chess.com"]
[Date "2023.09.26"]
[Round "5"]
[White "Crazy_girl99"]
[Black "whiteglovethief"]
[Result "1/2-1/2"]
[WhiteElo "2718"]
[BlackElo "2508"]
[TimeControl "180+1"]
[EndTime "8:59:10 PDT"]
[Termination "Game drawn by stalemate"]

1. e4 e6 2. d4 d5 3. e5 c5 4. c3 Nc6 5. Nf3 Bd7 6. Be2 Nh6 7.
Na3 cxd4 8. cxd4 Bb4+ 9. Kf1 Nf5 10. Nc2 Be7 11. g3 O-O 12. h4 f6 13. Bf4 fxe5 14.
dxe5 Qb6 15. Bd3 h6 16. Kg2 Rac8 17. a3 Qxb2 18. Rb1 Qc3 19. Rxb7 Be8 20. h5 Kh8 21. Qe2 Na5 22. Rxa7 Qc5 23. Ra6 Nc4 24. Rxe6 Bd7 25.
Ra6 Bc6 26. Nb4 Bb7 27. Rg6 d4 28. Be4 d3 29. Qxd3 Rcd8 30. Qe2 Bc8 31. Nh4 Nxh4+ 32. Rxh4 Bxh4 33. Bxh6 gxh6 34. Rxh6+ Kg8 35. Rg6+ Kh8 36. Rh6+ Kg8 37. Rg6+ Kf7 38. gxh4 Nxe5 39. Rg5 Ke7 40. Nd3 Rxd3 41. Bxd3 Qd5+ 42. Be4 Qd4 43. f4 Rxf4 44. Bf3 Rxf3 45. Rxe5+ Kd6 46. Re4 Rf2+ 47. Qxf2 Qxe4+ 48. Qf3 Qe6 49. Qf4+ Qe5 50. Qb4+ Qc5 51. Qf4+ Kc6 52. Qf6+ Kb5 53. Qb2+ Ka5 54. Qb4+ Qxb4 55. axb4+ Kxb4 56. Kg3 Bf5 57. Kf4 Bh7 58. Kg5 Kc4 59. Kf6 Bd3 60. Kg7 Kd4 61. h6 Ke5 62. h7 Bxh7 63. Kxh7 Kf5 64. h5 Kf6 65. h6 Kf7 66. Kh8 Kf8 67. h7 Kf7 1/2-1/2

[Event "Early-Titled-Tuesday-Blitz-September-26-2023"]
[Site "Chess.com"]
[Date "2023.09.26"]
[Round "5"]
[White "kidagent"]
[Black "Tssunami"]
[Result "1/2-1/2"]
[WhiteElo "2238"]
[BlackElo "2400"]
[TimeControl "180+1"]
[EndTime "8:59:16 PDT"]
[Termination "Game drawn - insufficient material"]

1. e4 c6 2. d4 d5 3. Nc3 dxe4 4.
Nxe4 Nf6 5. Nxf6+ exf6 6. c3 Bd6 7. Qc2 O-O 8. Bc4 Re8+ 9. Ne2 b5 10. Bb3 Be6 11.
Be3 a5 12. a4 b4 13. O-O Nd7 14.
Rae1 Rb8 15. c4 Bg4 16. Ng3 Qc7 17. c5 Bf4 18. d5 cxd5 19. c6 Nb6 20. Bxb6 Qxb6 21.
Rxe8+ Rxe8 22. Bxd5 Qc7 23. Qc4 h5 24. Bxf7+ Qxf7 25. Qxf4 Rc8 26. h3 Be6 27. Rc1 g5 28. Qf3 Bd5 29.
Qxh5 Rxc6 30. Rxc6 Bxc6 31. Qxf7+ Kxf7 32. Nf5 Bxa4 33. Nd6+ Ke6 34. Nc4 Bb3 35. Nxa5 Bd5 36. g3 Kd6 37. h4 gxh4 38. gxh4 Kc5 39. h5 Kb5 40. h6 Bg8 41. Nb7 Kc4 42. Na5+ Kd3 43. Nc6 b3 44. Na5 Kc2 45. Nc4 Kd3 46. Na3 Ke4 47. Kg2 Kf5 48.
Kg3 Kg6 49. Kf4 Kxh6 50. Kf5 Kg7 51. Nb5 Bc4 52. Nd4 Kf7 53. Nc6 Bd3+ 54. Kf4 Ke6 55. Ke3 Bc4 56. Kd4 Be2 57. Kc3 Kd6 58. Nd4 Bd1 59. Nxb3 Ke5 60. Nd4 Ke4 61. b4 Ba4 62. b5 Bxb5 63. Nxb5 Kf3 64. Kd4 Kxf2 65. Ke4 f5+ 66.
Kxf5 1/2-1/2

[Event "Early-Titled-Tuesday-Blitz-September-26-2023"]
[Site "Chess.com"]
[Date "2023.09.26"]
[Round "5"]
[White "stasOR4ik"]
[Black "karinachess1"]
[Result "0-1"]
[WhiteElo "2441"]
[BlackElo "2610"]
[TimeControl "180+1"]
[EndTime "8:59:17 PDT"]
[Termination "karinachess1 won by resignation"]

1. e4 e5 2. Nf3 Nc6 3. Bb5 Nf6 4. O-O Nxe4 5. Re1 Nd6 6. Bxc6 dxc6 7. Nxe5 Be7 8. d4 O-O 9. Nd2 Nf5 10. Ndf3 Be6 11.
c3 c5 12. h3 cxd4 13. g4 Nh4 14. Nxd4 Qd5 15. f3 Bc5 16. Kf2 f6 17. Nd3 Bxd4+ 18. cxd4 Qxd4+ 19. Be3 Qd6 20. Bf4 Qb6+ 21. Kg3 Ng6 22.
Qc2 Nxf4 23. Nxf4 Bf7 24. Re7 c6 25. Rae1 Rae8 26. Rxe8 Rxe8 27. Rxe8+ Bxe8 28. Qe4 Qd8 29. a3 Bf7 30. h4 g5 31. hxg5 fxg5 32. Nh3 Qd6+ 33.
Kf2 Qh2+ 34. Ke3 Qxh3 35. Qf5 Qh6 36. Qc8+ Qf8 37. Qf5 h6 38. Qf6 Qe8+ 39. Kf2 Qe6 40. Qd8+ Kh7 41. Qc7 b5 42. Qxa7 Kg7 43. Qd4+ Qf6 44. Qd7 Qxb2+ 45. Kg3 Qxa3 46. Qxc6 Qd3 47. Qc5 Qd5 48. Qc3+ Kh7 49. Qc2+ Bg6 50. Qc7+ Qf7 51. Qb6 Qf4+ 52. Kg2 Qd2+ 53. Kg3 Qf4+ 54. Kg2 Qe5 55.
Qb7+ Kg8 56. Qc8+ Kg7 57. Qd7+ Bf7 58. Kf2 Qb2+ 59. Kg3 b4 60. f4 gxf4+ 61. Kxf4 b3 62. g5 hxg5+ 63. Kxg5 Qf6+ 64. Kg4 Qe6+ 65. Qxe6 Bxe6+ 0-1

[Event "Early-Titled-Tuesday-Blitz-September-26-2023"]
[Site "Chess.com"]
[Date "2023.09.26"]
[Round "5"]
[White "GMTalks_Youtube"]
[Black "Hilary46"]
[Result "1/2-1/2"]
[WhiteElo "2752"]
[BlackElo "2591"]
[TimeControl "180+1"]
[EndTime "8:59:20 PDT"]
[Termination "Game drawn - insufficient material"]

1. e4 e5 2. Nf3 Nc6 3. Bc4 Bc5 4. d3 Nf6 5. O-O d6 6. c3 a6 7. Bb3 Ba7 8. Re1 O-O 9. h3 Ne7 10. Nbd2 Ng6 11. Nf1 h6 12. Ng3 Re8 13. d4 Be6 14.
Bc2 Qc8 15. Be3 Bd7 16. Qd2 c5 17. Bxh6 gxh6 18. Qxh6 cxd4 19. Ng5 Re7 20. Nf5 Qf8 21. Nxe7+ Qxe7 22. Bb3 Nh8 23. cxd4 Bxd4 24. Rad1 Be6 25. Nxe6 fxe6 26. Rd3 Kf7 27. Rf3 Rg8 28. Rc1 Ng6 29. Kh1 Nf4 30. g3 Rg6 31. Qh4 Nxe4 32. Qxe7+ Kxe7 33. gxf4 Nxf2+ 34. Rxf2 Bxf2 35. fxe5 dxe5 36. Rc7+ Kd6 37. Rxb7 e4 38. Bc4 e3 39. Ra7 Ke5 40.
Rxa6 Kd4 41. b3 Kc3 42. h4 Kd2 43. Kh2 Ke1 44. h5 Rg5 45. Kh3 Rxh5+ 46. Kg4 Rh4+ 47.
Kf3 Rh3+ 48. Kg4 Rg3+ 49. Kf4 Rg2 50. Rxe6 Rh2 51. Re4 Rh4+ 52. Ke5 Rh5+ 53. Kd6 Rh6+ 54. Kd5 Kd2 55. Rd4+ Kc3 56. Re4 Kd2 57. a4 Kc3 58.
a5 Rh5+ 59. Re5 Rxe5+ 60. Kxe5 Kb4 61. a6 e2 62. Bxe2 Kxb3 63. Kd5 Kb4 64. Kc6 Ka5 65. Kb7 Bg1 66. Bd3 Bf2 67. Be2 Be3 68. a7 Bxa7 1/2-1/2

[Event "Early-Titled-Tuesday-Blitz-September-26-2023"]
[Site "Chess.com"]
[Date "2023.09.26"]
[Round "5"]
[White "Chessbard1972"]
[Black "RandomNoob04"]
[Result "0-1"]
[WhiteElo "2384"]
[BlackElo "2608"]
[TimeControl "180+1"]
[EndTime "8:59:20 PDT"]
[Termination "RandomNoob04 won on time"]

1. e4 e5 2. Nf3 Nf6 3. Nxe5 Nc6 4. Nf3 Nxe4 5. Nc3 Nxc3 6. dxc3 Bc5 7. Bg5 Be7 8. Be3 d6 9. Qd2 Bg4 10. O-O-O O-O 11.
Kb1 Ne5 12. Be2 Nxf3 13. gxf3 Bf5 14. Rdg1 Kh8 15. Bd4 Bf6 16. h4 Re8 17. Bc4 Be6 18.
Bd3 Bxd4 19. cxd4 Qf6 20. c3 Qxf3 21. h5 Bf5 22. Bxf5 Qxf5+ 23. Ka1 h6 24. Rg3 Re6 25. Rhg1 Rg8 26. a3 Rf6 27. f3 Qxh5 28. Qg2 Rg6 29.
Qf2 Rxg3 30. Qxg3 Qf5 31. Rg2 Qf6 32. Qg4 Re8 33. d5 Qg6 34. Qxg6 fxg6 35. Rxg6 Re3 36.
Rg3 Kg8 37. Kb1 Kf7 38. Kc2 Kf6 39. Kd2 Re5 40. c4 Rg5 41. Rh3 Rg2+ 42. Kc3 Kf5 43. b4 Kf4 44. c5 Rg3 45. Rh1 Rxf3+ 46. Kc4 Kg5 47. Rg1+ Kf6 48. a4 Rf4+ 49. Kb5 a6+ 50. Ka5 dxc5 51. bxc5 Rf5 52. Rd1 h5 53. Kb4 Ke7 54.
c6 bxc6 55. dxc6 Ke6 56. Rd7 Rf7 57. Rd4 g5 58. Ka5 h4 59. Kxa6 Rh7 60. Kb7 h3 61. a5 h2 62. Rd1 h1=Q 0-1

[Event "Early-Titled-Tuesday-Blitz-September-26-2023"]
[Site "Chess.com"]
[Date "2023.09.26"]
[Round "5"]
[White "verrbaa"]
[Black "Alphafischer2019"]
[Result "1-0"]
[WhiteElo "2425"]
[BlackElo "2603"]
[TimeControl "180+1"]
[EndTime "8:59:20 PDT"]
[Termination "verrbaa won on time"]

1. Nf3 Nf6 2. g3 d5 3. Bg2 Bf5 4. O-O e6 5. d3 h6 6. Nbd2 Be7 7. Re1 O-O 8. e4 Bh7 9. b3 a5 10. a3 Nbd7 11. Bb2 a4 12. b4 c5 13. e5 Ne8 14.
bxc5 Nxc5 15. Nd4 Nc7 16. f4 Qd7 17. Qg4 Nb5 18. N2f3 Rfc8 19. Bh3 Nxd4 20. Nxd4 Bf8 21. f5 exf5 22. Nxf5 Bxf5 23. Qxf5 Qxf5 24. Bxf5 Ne6 25. c3 Rc6 26. Re2 Ra5 27. Bh3 Rb5 28. Bg2 Rcb6 29. Ra2 Nc5 30. Bxd5 Nxd3 31. Bc4 Rxb2 32. Bxd3 Rxe2 33.
Rxe2 Rb3 34. e6 fxe6 35. Rxe6 Rxc3 36. Bb5 Rxa3 37. Re8 Ra1+ 38. Kg2 Kf7 39. Rb8 a3 40. Rxb7+ Kf6 41. Ra7 Bc5 42. Ra6+ Ke5 43. h4 Kd5 44. Be8 Bd4 45. Bf7+ Kc5 46. Kh3 Bb2 47. Kg4 Rg1 48. h5 Be5 49. Rxa3 Re1 50. Rf3 Re4+ 51.
Kh3 Kd6 52. Bg6 Re1 53. Kg4 Bf6 54. Bf5 Ke5 55. Bg6 Bg5 56. Rf5+ Ke6 57. Rf3 Bf6 58. Bf5+ Ke7 59. Bg6 Ra1 60. Rd3 Ra4+ 61. Kh3 1-0

[Event "Early-Titled-Tuesday-Blitz-September-26-2023"]
[Site "Chess.com"]
[Date "2023.09.26"]
[Round "5"]
[White "Roedor"]
[Black "Bodhanas"]
[Result "0-1"]
[WhiteElo "2342"]
[BlackElo "2056"]
[TimeControl "180+1"]
[EndTime "8:59:23 PDT"]
[Termination "Bodhanas won by resignation"]

1. d4 d6 2. Nf3 Nf6 3. c4 g6 4. Nc3 Bg7 5. g3 O-O 6. Bg2 Nbd7 7. O-O c6 8. e4 e5 9. h3 Re8 10. Be3 b6 11. d5 cxd5 12. cxd5 Ba6 13. Re1 Nc5 14.
Bxc5 bxc5 15. Qa4 Qb6 16. b3 Rac8 17. Nd2 Bh6 18. Nc4 Bxc4 19. Qxc4 Bd2 20. Red1 Bxc3 21. Qxc3 Qb4 22. Rac1 Qxc3 23. Rxc3 Rb8 24. Rc4 Rb6 25. Ra4 Re7 26. Rc1 Reb7 27. f3 Rb4 28. Ra6 R4b6 29. Ra3 Kf8 30. Kf2 Ke7 31. h4 Rb4 32.
Bf1 Rd4 33. Rc2 h6 34. Ra6 g5 35. hxg5 hxg5 36. g4 Rd1 37. Bc4 Rh1 38. Ke3 Nd7 39. a4 Nb6 40. Bb5 Rb1 41. Bc6 Rxb3+ 42. Kd2 Rc7 43. Kc1 Rb4 44. Rh2 Rb3 45. Rh5 Rxf3 46. Rxg5 Rf4 47. Rg8 Rxe4 48. g5 Nd7 49. a5 Rg4 50. Kd2 c4 51. Kc3 e4 52. g6 Rxg6 53. Rxg6 fxg6 54. Kxc4 Ne5+ 55. Kd4 Nxc6+ 56. dxc6 Ke6 57.
Kxe4 d5+ 58. Kd4 Kd6 59. Kd3 g5 60. Kd4 g4 61. Ke3 Kc5 62. Kf4 Kb5 63. Rb6+ axb6 64. axb6 Kxb6 65. Kxg4 Kxc6 0-1

[Event "Early-Titled-Tuesday-Blitz-September-26-2023"]
[Site "Chess.com"]
[Date "2023.09.26"]
[Round "5"]
[White "amanmuhammethommadov"]
[Black "ARMQUEEN"]
[Result "0-1"]
[WhiteElo "2589"]
[BlackElo "2444"]
[TimeControl "180+1"]
[EndTime "8:59:24 PDT"]
[Termination "ARMQUEEN won by resignation"]

1. e4 c5 2. Nf3 Nc6 3. Bb5 g5 4. Nxg5 Nd4 5. Bc4 e6 6. Nf3 b5 7. Be2 Nxe2 8. Qxe2 a6 9. d3 Bb7 10. Nc3 Qc7 11. a4 b4 12. Nd1 Ne7 13. Ne3 d5 14.
exd5 Nxd5 15. Nxd5 Bxd5 16. Bd2 Rg8 17. Rg1 O-O-O 18. O-O-O Qc6 19. b3 Bg7 20. Kb1 Bf6 21. Bc1 Rxg2 22. Nd2 Rxh2 23. Ne4 Bd4 24. Bf4 Bxe4 25.
Bxh2 Bg6 26. Be5 Qd5 27. Bxd4 Bh5 28. Qd2 Bxd1 29. Bf6 Bxc2+ 30. Qxc2 Rd7 31. Rc1 Rc7 32. Bb2 h5 33. Qe2 f5 34. Re1 Rc6 35. Kc2 h4 36.
Rg1 h3 37. Rg8+ Kb7 38. Rh8 Qg2 39. Rh7+ Rc7 40. Rxc7+ Kxc7 41. Qe5+ Kd7 42. Qxc5 h2 43. Qa7+ Kd6 44. Qd4+ Kc7 45. Qc5+ Kd7 46. Qa7+ Ke8 47.
Bf6 Qc6+ 48. Kb2 Qd6 49. Qa8+ Kf7 50. Qh8 h1=Q 51. Qxh1 Kxf6 52. Qh8+ Ke7 53. Qg7+ Kd8 54. Qg8+ Kc7 55. Qg7+ Kb6 56. Qg3 Qxg3 57. fxg3 Kc5 58. Kc2 Kd4 59. Kd2 a5 60. Ke2 Kc3 61. Ke3 Kxb3 62. g4 fxg4 63. Kf4 Kc3 64. Kxg4 b3 0-1

[Event "Early-Titled-Tuesday-Blitz-September-26-2023"]
[Site "Chess.com"]
[Date "2023.09.26"]
[Round "5"]
[White "Just_Lucky_1"]
[Black "Hasangatin_Ramil"]
[Result "1-0"]
[WhiteElo "2583"]
[BlackElo "2700"]
[TimeControl "180+1"]
[EndTime "8:59:26 PDT"]
[Termination "Just_Lucky_1 won on time"]

1. e4 d5 2. exd5 Qxd5 3. Nc3 Qd6 4. d4 Nf6 5. Nf3 c6 6. g3 Bg4 7. Bg2 e6 8. O-O Be7 9. Bf4 Qd8 10. Qd2 O-O 11.
Ne5 Bf5 12. Qe2 Nbd7 13. Rad1 h6 14. h3 Nb6 15. g4 Bh7 16. Bg3 Nbd5 17. Nxd5 cxd5 18.
f3 Nd7 19. Nd3 Rc8 20. c3 b5 21. Rc1 a5 22. a3 Qb6 23. b4 axb4 24. axb4 Bxd3 25.
Qxd3 Bd6 26. f4 f5 27. Rce1 Bb8 28. Rf3 Nf6 29. gxf5 Ne4 30. fxe6 Qxe6 31. f5 Rxf5 32. Rxf5 Qxf5 33. Bxb8 Qf2+ 34. Kh2 Qxe1 35. Be5 Qxc3 36.
Qxb5 Qc6 37. Qe2 Kh7 38. Qg4 g5 39. b5 Qe8 40. b6 Rc2 41. b7 Rb2 42. b8=Q Rxb8 43.
Bxe4+ dxe4 44. Qxe4+ Kg8 45. Qd5+ Kh7 46. Qe4+ Kg8 47.
Qd5+ Kh7 48. Bxb8 Qxb8+ 49. Kg2 Qb2+ 50. Kf3 Qc3+ 51. Kg4 Qe3 52. Qd7+ Kg6 53. Qf5+ Kg7 54. Qd7+ Kg6 55. Qd6+ Kg7 56. Qc7+ Kf6 57. Qc6+ Kg7 58. Qb7+ Kg6 59. Qb1+ 1-0

[Event "Early-Titled-Tuesday-Blitz-September-26-2023"]
[Site "Chess.com"]
[Date "2023.09.26"]
[Round "5"]
[White "Kirill_Klukin"]
[Black "Dacean99"]
[Result "0-1"]
[WhiteElo "2712"]
[BlackElo "2564"]
[TimeControl "180+1"]
[EndTime "8:59:27 PDT"]
[Termination "Dacean99 won by resignation"]

1. d4 Nf6 2. Nf3 d5 3. c4 dxc4 4. e3 Bg4 5. Bxc4 e6 6. Nc3 Nbd7 7. h3 Bh5 8. g4 Bg6 9. Bf1 c5 10. Bg2 Rc8 11. Nh4 cxd4 12. Qxd4 Bc5 13. Qa4 Bd3 14. g5 Nd5 15. Bd2 Qxg5 16. Qg4 Qxg4 17. hxg4 Nb4 18. Rc1 Ba6 19. Bf1 Bxf1 20. Kxf1 Nd3 21. Rc2 Bb4 22. Ke2 N3e5 23. g5 O-O 24. a3 Ba5 25. Rhc1 a6 26. f4 Nc6 27. Nf3 Ne7 28. b4 Bb6 29. Ne4 Rxc2 30. Rxc2 Rc8 31.
Ra2 Nd5 32. Nd6 Nc3+ 33. Bxc3 Rxc3 34. Nd4 Bxd4 35. exd4 Rh3 36. Rc2 Rh2+ 37. Kd3 Rxc2 38. Kxc2 b6 39. Kd3 h5 40. a4 h4 41. Ke4 Kf8 42. Kf3 f5 43. gxf6 Nxf6 44. Nc8 Nd5 45. b5 axb5 46. axb5 Ke8 47. Nd6+ Kd7 48. Nc4 Kc7 49. Kg4 h3 50. Kxh3 Nxf4+ 51. Kg4 Ne2 52. Kg5 Nxd4 53. Kg6 Nxb5 54. Kxg7 Nd6 55. Na3 Kc6 56.
Kf6 Kd5 57. Nc2 Ne4+ 58. Kg6 b5 59. Kh5 Nf2 60. Kg5 e5 61. Kf5 Nd1 62. Kg4 Ke4 63.
Kg3 Kd3 64. Nb4+ Kc4 65. Nc2 b4 66. Kf3 b3 67. Na3+ Kb4 68. Nb1 Nc3 69. Nd2 b2 70. Ke3 Kc5 71. Kd3 b1=Q+ 72. Nxb1 Nxb1 0-1

[Event "Early-Titled-Tuesday-Blitz-September-26-2023"]
[Site "Chess.com"]
[Date "2023.09.26"]
[Round "5"]
[White "Druid24"]
[Black "Vladimir_Zakhartsov"]
[Result "1-0"]
[WhiteElo "2640"]
[BlackElo "2825"]
[TimeControl "180+1"]
[EndTime "8:59:29 PDT"]
[Termination "Druid24 won by resignation"]

1. e4 c5 2. Nc3 a6 3. g3 b5 4.
Bg2 Bb7 5. Nge2 e6 6. O-O Nf6 7. d4 b4 8. Na4 Nxe4 9. f3 Nf6 10. Nxc5 Bc6 11. a3 a5 12. Bd2 Qb6 13. Be3 Be7 14. Nf4 O-O 15. Nfd3 d6 16. Ne4 Nbd7 17. Bf2 Qb7 18.
Re1 h6 19. c4 bxc3 20. bxc3 Qc7 21. c4 Bxe4 22. fxe4 Qxc4 23. Rc1 Qb5 24. a4 Qb7 25. e5 Nd5 26. Nf4 N7b6 27. Qg4 Bg5 28. h4 Bxf4 29. gxf4 Qd7 30. exd6 Qxd6 31. f5 exf5 32.
Qxf5 Rad8 33. Re5 Ne7 34. Qg4 Nbd5 35. h5 Nf6 36. Qf3 Rc8 37. Rf1 Nc6 38. Qg3 Nxd4 39.
Kh1 Nc6 40. Rc5 Qxg3 41. Bxg3 Nd4 42. Rxa5 Ne6 43. Rb5 Ng5 44. a5 Nxh5 45. Bh2 Rc3 46. a6 Ra3 47. Rb6 Ne6 48. Rxe6 fxe6 49. Rxf8+ Kh7 50.
Be4+ g6 51. Rf7+ Kg8 52. Rf8+ Kg7 53. Be5+ Kxf8 54. Bd6+ Kf7 55. Bxa3 Ng3+ 56. Kg2 Nxe4 57. a7 g5 58. a8=Q Nf6 59. Qf8+ Kg6 60. Be7 Nd5 61. Bd6 Ne3+ 62. Kf3 Nf5 63. Be5 Nh4+ 64. Kg4 h5+ 65.
Kh3 Nf5 66. Qf6+ Kh7 67. Qxg5 h4 68. Bf6 1-0

[Event "Early-Titled-Tuesday-Blitz-September-26-2023"]
[Site "Chess.com"]
[Date "2023.09.26"]
[Round "5"]
[White "Squirlolz"]
[Black "Fy_Rakotomaharo"]
[Result "1-0"]
[WhiteElo "2542"]
[BlackElo "2703"]
[TimeControl "180+1"]
[EndTime "8:59:33 PDT"]
[Termination "Squirlolz won by resignation"]

1. e4 e5 2. Nf3 Nf6 3. Nxe5 d6 4. Nf3 Nxe4 5. d3 Nf6 6. d4 g6 7. Bd3 Bg7 8. Qe2+ Qe7 9. Be3 Nc6 10. c3 Ng4 11.
Bg5 Qxe2+ 12. Kxe2 O-O 13. Re1 h6 14. Bf4 g5 15. Bd2 Bd7 16. Na3 a6 17. Nc2 f5 18.
Kf1 Nf6 19. Ne3 Ne4 20. Re2 Nxd2+ 21. Nxd2 Ne7 22. Rae1 b5 23. Bc2 f4 24. Bb3+ Kh8 25. Nd5 Nxd5 26. Bxd5 Rae8 27. Re7 Rxe7 28. Rxe7 Rd8 29.
Be6 Bxe6 30. Rxe6 c5 31. d5 Kh7 32. Ne4 Be5 33. Ke2 Kg7 34. g4 fxg3 35. hxg3 c4 36. g4 Rd7 37. f3 a5 38. Re8 b4 39. Ra8 bxc3 40. bxc3 Rb7 41. Rxa5 Rb2+ 42. Ke3 Rc2 43. Ra7+ Kg6 44. Rc7 Bf4+ 45. Kd4 Rxa2 46. Rxc4 h5 47. gxh5+ Kxh5 48. Rc6 Be5+ 49. Kd3 Ra1 50. Nxd6 Kh4 51.
Ne4 Kh3 52. Rg6 Kg2 53. Nxg5 Kf1 54. Ne4 Bf4 55. d6 Rd1+ 56. Kc4 Ke2 57. Re6 Kxf3 58. Kc5 Kg4 59. c4 Kf5 60. Re8 Rd3 61. Kc6 Kg4 62. c5 Kf3 63. d7 Rd1 64. Nd6 Bxd6 65. cxd6 Rc1+ 66. Kd5 Rd1+ 67. Ke6 Re1+ 68. Kf7 Rh1 69.
d8=Q Rh7+ 70. Ke6 Rh2 71. Qf6+ Kg2 72. Qb2+ Kh1 73. Qxh2+ Kxh2 74. Rg8 1-0

[Event "Early-Titled-Tuesday-Blitz-September-26-2023"]
[Site "Chess.com"]
[Date "2023.09.26"]
[Round "5"]
[White "SRob2003"]
[Black "JimDiGrease"]
[Result "0-1"]
[WhiteElo "2627"]
[BlackElo "2845"]
[TimeControl "180+1"]
[EndTime "8:59:34 PDT"]
[Termination "JimDiGrease won by resignation"]

1. c4 e6 2. g3 d5 3. Bg2 Nf6 4. Nf3 d4 5. O-O c5 6. e3 Nc6 7. exd4 cxd4 8. Re1 Bd6 9. d3 h6 10. b4 Bxb4 11. Nbd2 O-O 12. Rb1 Bd6 13. Qa4 e5 14. Ba3 Rb8 15. c5 Bc7 16. Nc4 Nd5 17. Bb2 Bd7 18. Qd1 Bg4 19. h3 Bxf3 20. Bxf3 Qd7 21. Kh2 Rfe8 22. Qb3 Nf6 23. Ba3 Qf5 24. Kg2 e4 25. dxe4 Nxe4 26. Bxe4 Rxe4 27. Qd3 Rf4 28. Qxf5 Rxf5 29. Rb5 a6 30. Rb3 Rd5 31. Rd1 Ne5 32. Ne3 Rd7 33. Nf5 d3 34. f4 Nc4 35.
Rdxd3 Rxd3 36. Rxd3 Re8 37. Kf3 g6 38. Ne3 Nxe3 39.
Rxe3 Rxe3+ 40. Kxe3 Kg7 41. Bb2+ Kf8 42. Ke4 Ke8 43. Kd5 Kd7 44. Be5 Bd8 45. Bd6 h5 46. Be5 f5 47. Bd4 Ba5 48. Bf2 Bc3 49. Kc4 Bf6 50. Kd5 Bb2 51. Be1 Bc1 52. Bc3 Be3 53. Be1 Bg1 54. a4 Be3 55. Kc4 Kc6 56. Bb4 Bf2 57. g4 hxg4 58. hxg4 fxg4 59. Kd3 Bxc5 60. Bc3 Kd5 61. Be5 g3 62. Ke2 Ke4 63. Kf1 Kf3 64. Bd4 g2+ 0-1

[Event "Early-Titled-Tuesday-Blitz-September-26-2023"]
[Site "Chess.com"]
[Date "2023.09.26"]
[Round "5"]
[White "SAInt_666"]
[Black "LionTheLeon_06"]
[Result "1/2-1/2"]
[WhiteElo "2669"]
[BlackElo "2825"]
[TimeControl "180+1"]
[EndTime "8:59:37 PDT"]
[Termination "Game drawn by repetition"]

1. e4 c6 2. d4 d5 3. exd5 cxd5 4. Bd3 Nf6 5. h3 Nc6 6. c3 g6 7. Nf3 Bf5 8. Be2 Bg7 9. O-O O-O 10. Bf4 Ne4 11. Nbd2 Qb6 12. Qb3 Qxb3 13. axb3 a5 14. g4 Nxd2 15. Nxd2 Bd7 16. Bf3 e6 17. Bg3 Rac8 18.
Rfe1 Rfe8 19. Be2 f6 20. f4 b6 21. Nf3 h6 22. Bd3 Kf7 23. Re2 Ne7 24. Rae1 b5 25. Ra1 a4 26. b4 Rg8 27. Nd2 Ra8 28. Nb1 Ra7 29. Na3 Rb7 30. Rae1 Bf8 31. Kf2 Nc8 32. h4 h5 33. g5 Nd6 34. Rg1 Be7 35. Ke1 Bd8 36. Bh2 f5 37. Bg3 Bc7 38. Kd2 Bb8 39. Rge1 Re8 40. Kc1 Re7 41. Kd2 Kf8 42. Ke3 Rf7 43.
Kf3 Bc7 44. Bf2 Ne4 45. Bxe4 fxe4+ 46. Kg2 Bxf4 47. Rf1 Ke7 48. Bg3 Bxg3 49. Rxf7+ Kxf7 50. Kxg3 Kg7 51. Rf2 Rb8 52. Rf6 Rd8 53. Kf4 Rb8 54. Nc2 Rb6 55. Ke5 Rc6 56. Rf1 Be8 57. Rf6 Bd7 58. Rf1 Be8 59. Rf2 Bd7 60. Rf6 Bc8 61. Rf1 Bd7 62. Rf2 Be8 63. Rf6 Bd7 1/2-1/2